 Dungeon Crawl Stone Soup version 0.28.0-43-g3370ac3207 (webtiles) character file.

Game seed: 18152449675546226828

2872 Peloso the Slicer (level 9, -1/76 (78) HPs)
             Began as a Minotaur Fighter on Mar 22, 2022.
             Was a Follower of Okawaru.
             Slain by a wight
             ... wielding a +0 great sword
              (2 damage)
             ... on level 8 of the Dungeon.
             The game lasted 00:09:01 (5771 turns).

Peloso the Slicer (Minotaur Fighter)                Turns: 5771, Time: 00:09:01

HP:   -1/76 (78)    AC: 21    Str: 22    XL:     9   Next: 47%
MP:   6/8           EV:  9    Int:  5    God:    Okawaru [*.....]
Gold: 430           SH:  6    Dex: 13    Spells: 8/8 levels left

rFire   + . .      SeeInvis .   a - +0 long sword
rCold   . . .      Faith    .   c - +0 buckler
rNeg    . . .      Spirit   .   u - +0 plate armour
rPois   .          Reflect  .   (helmet restricted)
rElec   .          Harm     .   D - +2 cloak
rCorr   .          Rampage  .   (no gloves)
Will    +....                   k - +0 pair of boots
Stlth   ..........              (no amulet)
HPRegen 0.22/turn               n - ring of protection from fire
MPRegen 0.11/turn               p - ring of willpower

@: heroic, studying Stealth, lightly drained
A: horns 2, retaliatory headbutt
a: Renounce Religion, Heroism


You were on level 8 of the Dungeon.
You worshipped Okawaru.
Okawaru was aware of your devotion.
You visited 2 branches of the dungeon, and saw 9 of its levels.

You collected 430 gold pieces.

Inventory:

Hand Weapons
 a - a +0 long sword (weapon)
 b - the +10 dagger "Wuorojump" {speed, Int+4}
   (You found it on level 2 of the Dungeon)

   Attacks with this weapon are significantly faster.
   Int:       It affects your intelligence (+4).
Missiles
 o - 3 throwing nets (quivered)
Armour
 c - a +0 buckler (worn)
 h - a +0 chain mail
 k - a +0 pair of boots (worn)
 u - a +0 plate armour (worn)
 D - a +2 cloak (worn)
Jewellery
 n - a ring of protection from fire (left hand)
 p - a ring of willpower (right hand)
 B - a ring of poison resistance
Wands
 l - a wand of digging (2)
 v - a wand of polymorph (7)
Scrolls
 g - 4 scrolls of teleportation {unknown}
 i - 3 scrolls of vulnerability {unknown}
 m - 4 scrolls of identify
 q - a scroll of fog {unknown}
 r - 3 scrolls of brand weapon {unknown}
 s - a scroll of amnesia {unknown}
 t - a scroll of enchant weapon {unknown}
 w - a scroll of summoning {unknown}
 x - a scroll of blinking {unknown}
 y - 2 scrolls of enchant armour {unknown}
 A - a scroll of magic mapping {unknown}
 F - a scroll of immolation {unknown}
Potions
 e - a potion of curing
 j - a potion of heal wounds {unknown}
 z - 2 potions of cancellation
 C - a potion of mutation {unknown}
 E - a potion of ambrosia {unknown}


   Skills:
 + Level 6.7(11.7) Fighting
 + Level 9.2(14.8) Short Blades
 + Level 5.8(13.7) Long Blades
 + Level 8.2(13.2) Armour
 + Level 2.0(7.0) Dodging
 + Level 0.8(5.8) Stealth
 + Level 5.8(10.8) Shields
 + Level 0.2 Invocations


You had 8 spell levels left.
You didn't know any spells.
Your spell library contained the following spells:

 Spells                   Type           Power      Damage    Failure   Level
 Shock                    Conj/Air       0%         1d3       100%        1
 Ignite Poison            Fire/Tmut/Pois 0%         N/A       100%        3
 Mephitic Cloud           Conj/Pois/Air  0%         N/A       100%        3
 Swiftness                Air            0%         N/A       100%        3
 Airstrike                Air            0%         N/A       100%        4
 Freezing Cloud           Conj/Ice/Air   0%         6-21      100%        5


Dungeon Overview and Level Annotations

Branches:
Dungeon (8/15)             Temple (1/1) D:6
   Lair: D:8-11

Altars:
Ashenzari
Cheibriados
Hepliaklqana
Okawaru
Ru
Vehumet
Wu Jian
Xom
Yredelemnul
The Shining One

Shops:
D:6 *


Innate Abilities, Weirdness & Mutations

You have a pair of horns on your head.
You reflexively headbutt those who attack you in melee.


Message History

The howler monkey hoots and howls with incredible vigour!
You gain the combat prowess of a mighty hero.
The howler monkey hits you but does no damage.
You slash the howler monkey!
The howler monkey is heavily wounded.
The howler monkey hits you but does no damage.
You slash the howler monkey!
The howler monkey is almost dead.
You block the howler monkey's attack.
You hit the howler monkey.
You kill the howler monkey!
Okawaru accepts your kill. The wight hits you but does no damage.
The wight hits you with a +0 flail.
You feel drained.
You see here a howler monkey corpse.
You barely miss the wight.
The wight is heavily damaged.
The wight hits you but does no damage.
You closely miss the wight. Your headbutt misses the wight.
The wight is heavily damaged.
The steam dragon bites you but does no damage.
The steam dragon claws you but does no damage.
Unknown command.
You closely miss the steam dragon.
The wight hits you with a +1 battleaxe of distortion!
* * * LOW HITPOINT WARNING * * *
Space warps horribly around you!
* * * LOW HITPOINT WARNING * * *
You block the wight's attack. The steam dragon barely misses you.
The steam dragon claws you.
* * * LOW HITPOINT WARNING * * *
You slash the steam dragon! You headbutt the steam dragon.
The steam dragon is severely wounded.
The wight completely misses you. The wight hits you but does no damage.
Unknown command.
You slash the steam dragon!
You kill the steam dragon!
Okawaru accepts your kill.
The wight hits you with a +0 great sword.
You die...

....... .........
.........
........#
......... . #
........# ##...
..#.
##....z###......
....
.#....zz@†?......
....
.......z##.......
####
.......z####.....
# ..###....#
#...##
..#(###.###..###
#......##....# ..
#..........#
..######
...(..#...###
.....#.#
##...###.z###
#.......


You could see 5 wights.

Vanquished Creatures
  A two-headed ogre (D:8)
  Joseph (D:8)
  Prince Ribbit (D:7)
  A wyvern (D:8)
  2 steam dragons
  An acid dragon (D:8)
  An orc warrior (D:7)
  A sky beast (D:5)
  An ice beast (D:7)
  An ogre (D:5)
  2 centaurs (D:7)
  A bullfrog (D:6)
  A scorpion (D:5)
  A water moccasin skeleton (D:6)
  A howler monkey (D:8)
  2 hounds
  A jelly (D:5)
  2 orc priests (D:5)
  A bullfrog skeleton (D:5)
  A centaur skeleton (D:7)
  An iguana (D:7)
  Ijyb (D:3)
  Terence (D:2)
  3 orc wizards (D:7)
  A hound skeleton (D:4)
  9 gnolls (D:3)
  7 adders
  2 white imps
  2 ufetubi
  3 worms
  5 dart slugs
  15 orcs
  5 bats
  6 endoplasms
  6 giant cockroaches
  4 goblins
  10 hobgoblins
  9 jackals
  2 quokkas (D:5)
  8 ball pythons
  2 frilled lizards
  10 kobolds
  6 rats
142 creatures vanquished.

Notes
Turn   | Place    | Note
-------+----------+-------------------------------------------
     0 | D:1      | Peloso the Minotaur Fighter began the quest for the Orb.
     0 | D:1      | Reached XP level 1. HP: 19/19 MP: 0/0
   314 | D:1      | Reached XP level 2. HP: 23/27 MP: 1/1
   761 | D:1      | Reached XP level 3. HP: 33/33 MP: 2/2
  1398 | D:2      | Found a faded altar of an unknown god.
  1419 | D:2      | Noticed Terence
  1432 | D:2      | Killed Terence
  1433 | D:2      | Reached XP level 4. HP: 34/40 MP: 3/3
  1496 | D:2      | Identified the +10 dagger "Wuorojump" {speed, Int+4}
  1905 | D:3      | Noticed Ijyb
  1920 | D:3      | Killed Ijyb
  1921 | D:3      | Reached XP level 5. HP: 42/46 MP: 4/4
  1969 | D:3      | Reached skill level 1 in Short Blades
  2183 | D:3      | Found a hazy altar of Hepliaklqana.
  2469 | D:3      | Reached skill level 1 in Dodging
  2677 | D:4      | Reached skill level 2 in Short Blades
  2703 | D:4      | Reached XP level 6. HP: 43/52 MP: 5/5
  3199 | D:5      | Entered Level 5 of the Dungeon
  3206 | D:5      | Reached skill level 3 in Short Blades
  3206 | D:5      | Reached skill level 5 in Armour
  3547 | D:5      | Reached skill level 4 in Short Blades
  3567 | D:5      | Reached XP level 7. HP: 60/60 MP: 6/6
  4001 | D:5      | Reached skill level 5 in Short Blades
  4105 | D:6      | Found an ornate altar of the Wu Jian Council.
  4139 | D:6      | Noticed a steam dragon
  4152 | D:6      | Killed a steam dragon
  4185 | D:6      | Found Plog's Assorted Antiques.
  4244 | D:6      | Found a broken altar of Ashenzari.
  4320 | D:6      | Found a staircase to the Ecumenical Temple.
  4329 | D:6      | Reached skill level 6 in Short Blades
  4338 | Temple   | Entered the Ecumenical Temple
  4347 | Temple   | Became a worshipper of Warmaster Okawaru
  4509 | D:6      | Reached XP level 8. HP: 67/67 MP: 7/7
  4640 | D:6      | Found a glowing golden altar of the Shining One.
  4756 | D:7      | Reached skill level 5 in Shields
  4763 | D:7      | Reached skill level 5 in Fighting
  4831 | D:7      | Reached skill level 7 in Short Blades
  4946 | D:7      | Found a basalt altar of Yredelemnul.
  5070 | D:7      | Reached * piety under Okawaru
  5193 | D:7      | Noticed Prince Ribbit
  5202 | D:7      | Killed Prince Ribbit
  5203 | D:7      | Reached skill level 8 in Short Blades
  5426 | D:7      | Found a sacrificial altar of Ru.
  5682 | D:8      | Noticed Joseph
  5682 | D:8      | Noticed a two-headed ogre
  5689 | D:8      | Killed a two-headed ogre
  5690 | D:8      | Reached skill level 5 in Long Blades
  5690 | D:8      | Reached XP level 9. HP: 15/75 MP: 5/8
  5696 | D:8      | Killed Joseph
  5697 | D:8      | Reached skill level 9 in Short Blades
  5769 | D:8      | HP: 3/76 [wight/+1 battleaxe of distortion (14)]
  5769 | D:8      | HP: 1/76 [steam dragon (2)]
  5771 | D:8      | Slain by a wight

Illustrated notes

Levels and vault maps discovered:
D:1:      denvon_arrival_planthouse, layout_basic
D:2:      layout_rooms, serial_glass, glass_columns_b, glass_columns_a,
          glass_columns_c, glass_columns_b, glass_columns_a, glass_columns_a,
          glass_columns_b, glass_columns_a,
          shapermc_ecumenical_altar_mp_ritualfount, kennysheep_generic_room_11,
          uniq_terence
D:3:      minmay_angry_zag, layout_basic, nicolae_hepliaklqana_hippocampus,
          minmay_puff, uniq_ijyb
D:4:      layout_basic
D:5:      layout_loops_ring
D:6:      layout_rooms, evilmike_ruin_ashenzari,
          mainiacjoe_overflow_surrounded_room, lemuel_crystal_altar,
          minmay_temple_entry_hall, serial_shops, nicolae_shop_behind_doors
D:7:      layout_cave_pods, yredelemnul_altar_generic,
          nicolae_ru_the_path_less_chosen, minmay_manual_mares,
          uniq_prince_ribbit1
D:8:      layout_cave_pools, enter_bailey_4, uniq_pikel, uniq_joseph
Temple:   eino_temple_scatter_basement

Skill      XL: |  1  2  3  4  5  6  7  8  9 |
---------------+----------------------------+-----
Armour         | 4 5 6 7 8 |  8.2
Shields        | 4 5 |  5.8
Long Blades    | 3 4 5 |  5.8
Fighting       | 4 6 |  6.7
Short Blades   | 2 4 6 8 9 |  9.2
Dodging        | 1 2 |  2.0
Stealth        | |  0.8
Invocations    | |  0.2

Action                   |  1- 3 |  4- 6 |  7- 9 || total
-------------------------+-------+-------+-------++-------
Melee: Long sword        |    84 |     4 |    25 ||   113
       Headbutt          |    10 |    21 |    21 ||    52
       Dagger            |       |   149 |   121 ||   270
Invok: Heroism           |       |       |     3 ||     3
  Use: Potion            |       |       |     3 ||     3
       Scroll            |       |       |     3 ||     3
Armor: Scale mail        |    17 |       |       ||    17
       Chain mail        |    31 |    53 |       ||    84
       Plate armour      |       |     7 |    55 ||    62
Dodge: Dodged            |    41 |    32 |    32 ||   105
Block: Buckler           |    23 |    26 |    20 ||    69
